 Dungeon Crawl Stone Soup version 0.22.1-1-ga44c0e5 (webtiles) character file.

1736 rabbit the Thaumaturge (level 9, 45/65 HPs)
             Began as a Gnoll Wizard on Oct 15, 2018.
             Was an Initiate of Ashenzari.
             Quit the game on level 6 of the Dungeon.
             The game lasted 00:24:10 (6171 turns).

rabbit the Thaumaturge (Gnoll Wizard)               Turns: 6171, Time: 00:24:10

Health: 45/65      AC:  7    Str:  9    XL:     9   Next: 5%
Magic:  11/21      EV: 15    Int: 23    God:    Ashenzari [......]
Gold:   343        SH:  0    Dex: 15    Spells: 13/24 levels left

rFire    + . .     SeeInvis .   b - +0 hunting sling
rCold    . . .     Gourm    .   (no shield)
rNeg     . . .     Faith    .   K - +1 leather armour {rF+}
rPois    +         Spirit   .   w - +0 hat
rElec    .         Reflect  .   J - +1 cloak {rPois}
rCorr    .         Harm     .   y - +0 pair of gloves
MR       .....                  (no boots)
Stlth    +++.......             (no amulet)
HPRegen  0.20/turn              (no ring)
MPRegen  0.17/turn              (no ring)

@: no status effects
A: distributed training, fangs 1, strong nose
a: Curse Item, Renounce Religion


You were on level 6 of the Dungeon.
You worshipped Ashenzari.
Ashenzari was noncommittal.
You were not hungry.

You visited 2 branches of the dungeon, and saw 7 of its levels.

You collected 343 gold pieces.

Inventory:

Hand Weapons
 a - a +0 short sword of venom
 b - a +0 hunting sling (weapon)
 x - a +0 dagger
Missiles
 j - 83 stones (quivered)
 G - 21 sling bullets
Armour
 g - a +0 robe
 w - a +0 hat (worn)
 y - a +0 pair of gloves (worn)
 J - a +1 cloak of poison resistance (worn)
 K - a +1 leather armour of fire resistance (worn)
Wands
 E - a wand of acid (6)
 H - a wand of polymorph (22)
Scrolls
 f - 4 scrolls of remove curse
 h - 3 scrolls of enchant armour {unknown}
 k - 4 scrolls of identify
 m - 2 scrolls of teleportation {unknown}
 o - 2 scrolls of noise {unknown}
 p - a scroll of enchant weapon {unknown}
 r - 2 scrolls of amnesia {unknown}
 v - 3 scrolls of magic mapping {unknown}
 C - a scroll of fear {unknown}
 F - a scroll of fog {unknown}
Potions
 c - a potion of brilliance {unknown}
 e - a potion of invisibility {unknown}
 i - a potion of agility {unknown}
 l - 5 potions of heal wounds {unknown}
 n - 3 potions of haste {unknown}
 q - 3 potions of mutation {unknown}
 s - a potion of magic {unknown}
 t - a potion of berserk rage {unknown}
 u - a potion of curing {unknown}
 z - a potion of cancellation {unknown}
 A - 2 potions of lignification {unknown}
 B - 2 potions of might {unknown}
 D - a potion of flight {unknown}
 I - a potion of degeneration {unknown}
Comestibles
 d - 7 rations


   Skills:
 + Level 3.7 Fighting
 + Level 3.7 Short Blades
 + Level 3.7 Long Blades
 + Level 3.7 Axes
 + Level 3.7 Maces & Flails
 + Level 3.7 Polearms
 + Level 3.7 Staves
 + Level 3.7 Slings
 + Level 3.7 Bows
 + Level 3.7 Crossbows
 + Level 3.7 Throwing
 + Level 3.7 Armour
 + Level 6.0 Dodging
 + Level 5.7 Stealth
 + Level 3.7 Shields
 + Level 3.7 Unarmed Combat
 + Level 8.1 Spellcasting
 + Level 3.8 Conjurations
 + Level 3.1 Hexes
 + Level 3.1 Charms
 + Level 3.8 Summonings
 + Level 3.1 Necromancy
 + Level 3.8 Translocations
 + Level 3.1 Transmutations
 + Level 3.1 Fire Magic
 + Level 3.1 Ice Magic
 + Level 3.1 Air Magic
 + Level 3.1 Earth Magic
 + Level 3.1 Poison Magic
 + Level 4.1 Invocations
 + Level 3.7 Evocations


You had 13 spell levels left.
You knew the following spells:

 Your Spells              Type           Power        Failure   Level  Hunger
a - Magic Dart            Conj           ####         1%          1    None
b - Blink                 Tloc           N/A          3%          2    None
c - Call Imp              Summ           ####....     3%          2    None
d - Conjure Flame         Conj/Fire      ####....     7%          3    None
e - Mephitic Cloud        Conj/Pois/Air  ###.....     7%          3    None

Your spell library contained the following spells:

 Spells                   Type           Power        Failure   Level  Hunger
 Slow                     Hex            ###.....     4%          2    None


Dungeon Overview and Level Annotations

Branches:
Dungeon (6/15)             Temple (1/1) D:6

Altars:
Ashenzari
Cheibriados
Elyvilon
Gozag
Hepliaklqana
Kikubaaqudgha
Okawaru
Ru
Sif Muna
Trog
Vehumet
Yredelemnul
The Shining One

Annotations:
D:5 Prince Ribbit


Innate Abilities, Weirdness & Mutations

Your experience applies equally to all skills.
You have very sharp teeth.
Your uncanny sense of smell can sniff out nearby items.


Message History

Press: ? - help, Shift-Dir - straight line, f/p - wight
Aim: a wight, wielding a dagger and wearing a robe (lightly damaged)
You shoot a stone.
The stone hits the wight but does no damage.
The wight is lightly damaged.
Firing (i - inventory. (/) - cycle)
j - 85 stones (quivered)
Press: ? - help, Shift-Dir - straight line, f/p - wight
Aim: a wight, wielding a dagger and wearing a robe (lightly damaged)
You shoot a stone. The stone closely misses the wight.
The stone hits the wight but does no damage.
The wight is lightly damaged.
Firing (i - inventory. (/) - cycle)
j - 84 stones (quivered)
Press: ? - help, Shift-Dir - straight line, f/p - wight
Aim: a wight, wielding a dagger and wearing a robe (lightly damaged)
You shoot a stone.
The stone hits the wight but does no damage.
The wight is lightly damaged.
The wight completely misses you. The wight hits you with a dagger!
Are you sure you want to abandon this character and quit the game? (Confirm

#...........c......
##..........#.......
#...........##......
#.#...#.............
#..#.#......###.....
#...>.....#.# ##(...
#..#.#..#.#.# #....
#.#...#.#.#†## #....
#..@....#.#).# #§###
###z#..##.##.###.# #
#...###.##.[...#
#z.##.......####
#z###..z..#.# # #.#
#.....#.## ##
#.###.....#..####.
#....z....(([.(.(.
############.####.


You could see 3 wights.

Vanquished Creatures
  Sigmund (D:6)
  Eustachio (D:6)
  An ice beast (D:5)
  4 ogres
  3 centaurs
  Blork the orc (D:4)
  A bullfrog (D:6)
  A scorpion (D:4)
  A crimson imp (D:3)
  A centaur skeleton (D:5)
  2 orc wizards
  Crazy Yiuf (D:5)
  3 orc priests
  A hound (D:4)
  An iguana (D:5)
  Ijyb (D:5)
  A worker ant (D:6)
  8 adders
  7 gnolls
  2 oozes
  3 worms
  4 dart slugs
  3 leopard geckos
  12 orcs
  A ball python (D:3)
  4 giant cockroaches
  8 goblins
  12 hobgoblins
  8 jackals
  10 kobolds
  2 quokkas (D:6)
  8 bats
  6 frilled lizards
  A giant cockroach zombie (D:6)
  2 leopard gecko zombies
  3 rats
129 creatures vanquished.

Notes
Turn   | Place    | Note
-------+----------+-------------------------------------------
     0 | D:1      | rabbit the Gnoll Wizard began the quest for the Orb.
     0 | D:1      | Reached XP level 1. HP: 13/13 MP: 8/8
    76 | D:1      | Reached XP level 2. HP: 19/19 MP: 1/10
    80 | D:1      | Learned a level 2 spell: Blink
   152 | D:1      | Learned a level 2 spell: Call Imp
   428 | D:1      | Reached XP level 3. HP: 25/25 MP: 8/11
   433 | D:1      | Learned a level 3 spell: Conjure Flame
   437 | D:1      | Learned a level 3 spell: Mephitic Cloud
   900 | D:2      | Reached skill level 1 in Invocations
  1003 | D:2      | Reached skill level 1 in Fighting
  1003 | D:2      | Reached skill level 1 in Short Blades
  1003 | D:2      | Reached skill level 1 in Long Blades
  1003 | D:2      | Reached skill level 1 in Axes
  1003 | D:2      | Reached skill level 1 in Maces & Flails
  1003 | D:2      | Reached skill level 1 in Polearms
  1003 | D:2      | Reached skill level 1 in Staves
  1003 | D:2      | Reached skill level 1 in Slings
  1003 | D:2      | Reached skill level 1 in Bows
  1003 | D:2      | Reached skill level 1 in Crossbows
  1003 | D:2      | Reached skill level 1 in Throwing
  1003 | D:2      | Reached skill level 1 in Armour
  1003 | D:2      | Reached skill level 1 in Shields
  1003 | D:2      | Reached skill level 1 in Unarmed Combat
  1003 | D:2      | Reached skill level 1 in Evocations
  1016 | D:2      | Reached XP level 4. HP: 31/32 MP: 3/13
  1263 | D:2      | Found a snail-covered altar of Cheibriados.
  1309 | D:2      | Reached skill level 1 in Hexes
  1309 | D:2      | Reached skill level 1 in Charms
  1309 | D:2      | Reached skill level 1 in Necromancy
  1309 | D:2      | Reached skill level 1 in Transmutations
  1309 | D:2      | Reached skill level 1 in Fire Magic
  1309 | D:2      | Reached skill level 1 in Ice Magic
  1309 | D:2      | Reached skill level 1 in Air Magic
  1309 | D:2      | Reached skill level 1 in Earth Magic
  1309 | D:2      | Reached skill level 1 in Poison Magic
  1625 | D:3      | Found an opulent altar of Gozag.
  1706 | D:3      | Reached XP level 5. HP: 34/37 MP: 0/14
  1968 | D:3      | Found a sacrificial altar of Ru.
  2918 | D:4      | Reached XP level 6. HP: 44/44 MP: 5/16
  3065 | D:4      | Reached skill level 5 in Dodging
  3337 | D:4      | Reached XP level 7. HP: 50/50 MP: 3/18
  3440 | D:4      | Found a bloodstained altar of Trog.
  3457 | D:4      | Noticed Blork the orc
  3467 | D:4      | Killed Blork the orc
  3903 | D:5      | Entered Level 5 of the Dungeon
  4009 | D:5      | Noticed Prince Ribbit
  4024 | D:5      | Found a runed door.
  4100 | D:5      | Reached skill level 5 in Stealth
  4231 | D:5      | Noticed Ijyb
  4256 | D:5      | Killed Ijyb
  4327 | D:5      | Reached XP level 8. HP: 45/57 MP: 16/19
  5532 | D:5      | Noticed Crazy Yiuf
  5558 | D:5      | Killed Crazy Yiuf
  5667 | D:6      | Noticed Sigmund
  5673 | D:6      | Killed Sigmund
  5673 | D:6      | Reached skill level 8 in Spellcasting
  5871 | D:6      | Noticed Eustachio
  5894 | D:6      | Killed Eustachio
  6021 | D:6      | Reached XP level 9. HP: 62/65 MP: 15/21
  6035 | D:6      | Found a staircase to the Ecumenical Temple.
  6045 | Temple   | Entered the Ecumenical Temple
  6054 | Temple   | Became a worshipper of Ashenzari the Shackled
  6171 | D:6      | Quit the game

Skill      XL: |  1  2  3  4  5  6  7  8  9 |
---------------+----------------------------+-----
Conjurations   | 2 3 |  3.8
Summonings     | 2 3 |  3.8
Translocations | 2 3 |  3.8
Invocations    | 1 2 3 4 |  4.1
Fighting       | 1 2 3 |  3.7
Short Blades   | 1 2 3 |  3.7
Long Blades    | 1 2 3 |  3.7
Axes           | 1 2 3 |  3.7
Maces & Flails | 1 2 3 |  3.7
Polearms       | 1 2 3 |  3.7
Staves         | 1 2 3 |  3.7
Slings         | 1 2 3 |  3.7
Bows           | 1 2 3 |  3.7
Crossbows      | 1 2 3 |  3.7
Throwing       | 1 2 3 |  3.7
Armour         | 1 2 3 |  3.7
Shields        | 1 2 3 |  3.7
Unarmed Combat | 1 2 3 |  3.7
Evocations     | 1 2 3 |  3.7
Hexes          | 1 2 3 |  3.1
Charms         | 1 2 3 |  3.1
Necromancy     | 1 2 3 |  3.1
Transmutations | 1 2 3 |  3.1
Fire Magic     | 1 2 3 |  3.1
Ice Magic      | 1 2 3 |  3.1
Air Magic      | 1 2 3 |  3.1
Earth Magic    | 1 2 3 |  3.1
Poison Magic   | 1 2 3 |  3.1
Dodging        | 5 6 |  6.0
Stealth        | 5 |  5.7
Spellcasting   | 8 |  8.1

Action                   |  1- 3 |  4- 6 |  7- 9 || total
-------------------------+-------+-------+-------++-------
Melee: Dagger            |     3 |    26 |       ||    29
       Bite              |       |     3 |    13 ||    16
       Short sword       |       |    15 |    94 ||   109
 Fire: Hunting sling     |       |     2 |    21 ||    23
 Cast: Magic Dart        |    69 |   132 |    73 ||   274
       Mephitic Cloud    |       |     7 |    18 ||    25
       Conjure Flame     |       |     3 |     9 ||    12
       Blink             |       |       |     3 ||     3
       Call Imp          |       |       |     1 ||     1
  Use: Scroll            |       |     1 |     1 ||     2
 Stab: Sleeping          |     3 |       |     5 ||     8
       Confused          |       |     3 |     7 ||    10
  Eat: Chunk             |       |     4 |     5 ||     9
       Ration            |       |     1 |     1 ||     2
Armor: Robe              |     1 |     2 |    11 ||    14
       Skin              |       |       |     1 ||     1
Dodge: Dodged            |    12 |    59 |    57 ||   128
